 Dungeon Crawl Stone Soup version 0.19.4-8-ga85b6b9 (console) character file.

115 Grinner the Ruffian (level 4, -6/35 HPs)
             Began as a Minotaur Transmuter on Feb 8, 2017.
             Killed by nerve-wracking pain
             ... invoked by an orc priest
              (13 damage)
             ... on level 3 of the Dungeon.
             The game lasted 00:03:50 (2347 turns).

Grinner the Ruffian (Minotaur Transmuter)           Turns: 2347, Time: 00:03:50

Health: -6/35      AC:  2    Str: 18 (19) XL:     4   Next: 68%
Magic:  5/5        EV: 13    Int: 10 (11) God:
Gold:   109        SH:  0    Dex: 10 (11) Spells: 1 memorised, 4 levels left

rFire  + . .     SeeInvis .       - Unarmed
rCold  + . .     Gourm    .     b - +0 robe
rNeg   . . .     Faith    .     (no shield)
rPois  +         Spirit   .     (helmet restricted)
rElec  +         Reflect  .     (no cloak)
rCorr  +         Harm     .     (no gloves)
MR     .....                    (no boots)
Stlth  +.........               (no amulet)
                                (no ring)
                                (no ring)

@: mighty, resistant
A: retaliatory headbutt, horns 2
a: no special abilities


You were on level 3 of the Dungeon.
You were hungry.

You visited 1 branch of the dungeon, and saw 3 of its levels.

You collected 109 gold pieces.

Inventory:

Missiles
 a - 12 arrows
 h - a throwing net (quivered)
Armour
 b - a +0 robe (worn)
Jewellery
 g - an uncursed ring of magical power {unknown}
Scrolls
 e - a scroll of enchant weapon {unknown}
 j - a scroll of immolation {unknown}
 l - a scroll of fear {unknown}
 m - 2 scrolls of remove curse {unknown}
 r - a scroll of enchant armour {unknown}
Potions
 k - a potion of ambrosia {unknown}
 n - a potion of resistance
 o - a potion of lignification {unknown}
 p - a potion of invisibility {unknown}
 q - a potion of degeneration
Books
 c - a book of Changes

   Spells                             Type                      Level
   a - Beastly Appendage              Transmutation                1
   b - Sticks to Snakes               Transmutation                2
   c - Spider Form                    Transmutation/Poison         3
   d - Ice Form                       Ice/Transmutation            4
   e - Blade Hands                    Transmutation                5
Comestibles
 d - a bread ration


   Skills:
 - Level 1.2 Fighting
 + Level 3.4 Dodging
 * Level 5.0 Unarmed Combat
 - Level 1.3 Spellcasting
 + Level 2.1 Transmutations


You had 4 spell levels left.
You knew the following spells:

 Your Spells              Type           Power        Failure   Level  Hunger
z - Beastly Appendage     Tmut           #.....       17%         1    ##.....


Dungeon Overview and Level Annotations

Branches:
Dungeon (3/15)

Altars:


Innate Abilities, Weirdness & Mutations

You reflexively headbutt those who attack you in melee.
You have a pair of horns on your head.


Message History

You closely miss the orc priest. The orc priest hits you with a flail.
You hit the orc priest.
The orc priest is lightly wounded.
The orc priest hits you with a flail!
* * * LOW HITPOINT WARNING * * *
It was a potion of resistance.
You feel protected.
It was a potion of degeneration.
There was something very wrong with that liquid.
You feel weakened.
You feel dopey.
You feel clumsy. The orc priest hits you with a flail.
* * * LOW HITPOINT WARNING * * *
It was a potion of curing.
You feel better. The orc priest hits you with a flail.
* * * LOW HITPOINT WARNING * * *
It was a potion of might.
You feel very mighty all of a sudden.
The orc priest mumbles some strange prayers to Beogh against you.
Pain shoots through your body!
You die...

#.# ## #.# .. #.#
######. #.# .......
#.#
.......###.########.#
.......l.sl........>.
.....s.###o#.###.####
.....l. #@#.# #.#..
......# #.#.# #.#.#
...o.. #.#.###.#.#
...... #.#.....#.#
..... #.#.....#.##
..... #.#........#
#.#.....#..#
..#.....#..#
#...).#..#


You could see an orc priest, a giant cockroach and a frilled lizard.

Vanquished Creatures
  A worker ant zombie (D:3)
  4 adders
  2 worms (D:2)
  2 dart slugs (D:1)
  An orc (D:3)
  6 bats (D:2)
  3 giant cockroaches
  7 goblins
  6 hobgoblins
  6 jackals (D:1)
  A ball python (D:3)
  5 frilled lizards
  5 kobolds
  9 rats
58 creatures vanquished.

Notes
Turn   | Place    | Note
-------+----------+-------------------------------------------
     0 | D:1      | Grinner the Minotaur Transmuter began the quest for the Orb.
     0 | D:1      | Reached XP level 1. HP: 16/16 MP: 1/1
   283 | D:1      | Reached XP level 2. HP: 20/23 MP: 3/3
   407 | D:1      | Reached skill level 4 in Unarmed Combat
   782 | D:1      | Reached XP level 3. HP: 21/28 MP: 4/4
  1358 | D:2      | Reached XP level 4. HP: 22/35 MP: 5/5
  1961 | D:3      | HP: 1/35 [hobgoblin/club (5)]
  2329 | D:3      | Reached skill level 5 in Unarmed Combat
  2345 | D:3      | HP: 1/35 [orc priest/flail (1)]
  2347 | D:3      | Killed from afar by an orc priest

Skill      XL: |  1  2  3  4 |
---------------+-------------+-----
Unarmed Combat | 4 5 |  5.0
Transmutations | 2 |  2.1
Dodging        | 3 |  3.4
Fighting       | |  1.2
Spellcasting   | |  1.3

Action                   |  1- 3 |  4- 6 || total
-------------------------+-------+-------++-------
Melee: Unarmed           |    97 |    76 ||   173
       Headbutt          |     8 |     5 ||    13
       Punch             |     1 |       ||     1
       Kick              |     2 |     7 ||     9
 Cast: Beastly Appendage |     3 |     3 ||     6
  Use: Potion            |       |     4 ||     4
 Stab: Sleeping          |       |     1 ||     1
  Eat: Chunk             |     2 |     2 ||     4
Armor: Robe              |    18 |    16 ||    34
Dodge: Dodged            |    41 |    52 ||    93
